 Dungeon Crawl Stone Soup version 0.22-a0-149-g870e420 (webtiles) character file.

18945 KristoblXynda the Carver (level 12, -5/104 HPs)
             Began as a White Draconian Gladiator on Feb 7, 2018.
             Was an Initiate of Gozag.
             Slain by a deep elf knight
             ... wielding a +0 scimitar of slicing
              (8 damage)
             ... on level 13 of the Dungeon.
             The game lasted 00:23:35 (14814 turns).

KristoblXynda the Carver (DrGl)                    Turns: 14814, Time: 00:23:36

Health: -5/104     AC:  9    Str: 22    XL:     12   Next: 32%
Magic:  12/12      EV:  2    Int: 13    God:    Gozag
Gold:   1269       SH:  0    Dex: 16    Spells: 11/11 levels left

rFire    . . .     SeeInvis .   B - +2 scimitar (slice)
rCold    + . .     Gourm    .   (no shield)
rNeg     + + +     Faith    .   (armour unavailable)
rPois    ∞         Spirit   .   A - +2 hat
rElec    .         Reflect  .   t - +2 cloak
rCorr    .         Harm     .   (no gloves)
MR       .....                  (no boots)
Stlth    +.........             G - amulet of regeneration
HPRegen  0.27/turn              H - +5 ring of strength
MPRegen  0.13/turn              j - +3 ring of dexterity

@: lethally poisoned (-5 -> -5), petrified, corroded, very slightly contaminated
A: breathe frost, unfitting armour, cold resistance 1, cold-blooded, AC +8
a: Breathe Frost, Potion Petition, Call Merchant, Bribe Branch, Renounce
Religion


You were on level 13 of the Dungeon.
You worshipped Gozag.
Gozag was most pleased with you.
You were not hungry.

You visited 3 branches of the dungeon, and saw 15 of its levels.

You collected 2046 gold pieces.
You spent 632 gold pieces at shops.
You paid 145 gold pieces to Gozag.

Inventory:

Hand Weapons
 B - a +2 scimitar of slicing (weapon)
Missiles
 c - 2 throwing nets (quivered)
Armour
 b - a +2 shield
 t - a +2 cloak (worn)
 A - a +2 hat (worn)
Jewellery
 j - a +3 ring of dexterity (right hand)
 p - an uncursed ring of flight
 E - an uncursed ring of protection from cold
 G - an amulet of regeneration (around neck)
 H - a +5 ring of strength (left hand)
Wands
 i - a wand of acid (3)
 v - a wand of clouds (2)
 w - a wand of disintegration (23)
 I - a wand of digging (9)
Scrolls
 e - 3 scrolls of magic mapping
 o - a scroll of immolation
 s - 2 scrolls of remove curse
 u - 2 scrolls of enchant armour
 C - 3 scrolls of identify
 D - a scroll of fear
 F - a scroll of summoning
Potions
 f - a potion of lignification
 g - 2 potions of mutation
 h - a potion of agility
 k - 3 potions of flight
 n - a potion of resistance
 q - 2 potions of heal wounds
 x - 6 potions of curing
 z - a potion of berserk rage
 K - a potion of magic {unknown}
Books
 l - Sif Muna's Incunabulum of Curses
   (You found it on level 8 of the Dungeon)

   Spells                             Type                      Level
   a - Corona                         Hexes                        1
   b - Dazzling Spray                 Conjuration/Hexes            3
   c - Confuse                        Hexes                        3
   d - Fulminant Prism                Conjuration/Hexes            4
   e - Yara's Violent Unravelling     Hexes/Transmutation          5
 y - a book of Changes

   Spells                             Type                      Level
   a - Beastly Appendage              Transmutation                1
   b - Sticks to Snakes               Transmutation                2
   c - Spider Form                    Transmutation/Poison         3
   d - Ice Form                       Ice/Transmutation            4
   e - Blade Hands                    Transmutation                5
Miscellaneous
 a - a fan of gales
 J - a lamp of fire
Comestibles
 d - 16 rations


   Skills:
 + Level 9.2 Fighting
 * Level 14.9 Long Blades
 - Level 2.0 Throwing
 + Level 10.4 Dodging


You had 11 spell levels left.
You didn't know any spells.

Dungeon Overview and Level Annotations

Branches:
Dungeon (13/15)            Temple (1/1) D:7            Lair (0/6) D:11
    Orc (1/2) D:10         Vaults (0/5) D:13

Altars:
Ashenzari
Cheibriados
Dithmenos
Elyvilon
Fedhas
Gozag
Hepliaklqana
Kikubaaqudgha
Makhleb
Nemelex Xobeh
Okawaru
Qazlal
Ru
Sif Muna
Trog
Uskayaw
Vehumet
Wu Jian
Xom
Yredelemnul
Zin
The Shining One

Shops:
D:6 ?   D:9 }

Portals:
Trove: D:11 (give +3 shadow dragon scales)


Innate Abilities, Weirdness & Mutations

You can breathe waves of freezing cold.
You can buffet flying creatures when you breathe cold.
Your icy white scales are hard. (AC +8)
You cannot fit into any form of body armour.
Your flesh is cold resistant. (rC+)
You are cold-blooded and may be slowed by cold attacks.


Message History

Something hits you.
The scorpion stings you but does no damage.
The acid dragon spits acid at you. The splash of acid hits you!
The acid corrodes you!
You are splashed with acid!
The acid burns!
* * * LOW HITPOINT WARNING * * *
Something hits you!
* * * LOW HITPOINT WARNING * * *
x2 You hear a loud, deep croak!
You hear a roar!
The skeletal warrior hits you with a mace.
* * * LOW HITPOINT WARNING * * *
The scorpion stings you but does no damage.
You hear some strange, mumbled words.
A shard of ice appears from out of thin air!
Helpless, you fail to dodge the shard of ice.
You partially resist.
* * * LOW HITPOINT WARNING * * *
Something hits you!
You die...
Your body crumbles into a pile of gold.

#################
#......lz@W........
#........sHD.......
#..##.Y###..###..#
$ #..#...# ..#...(#
#....|.# ..#....
#.....## ###..#
#..#### #....# #..#
#....# #..# ##.W###


You could see a skeletal warrior, a manticore, a freezing wraith, a yak, a
basilisk, an acid dragon and a scorpion.

Vanquished Creatures
  Snorg (D:10)
  4 two-headed ogres
  8 death yaks (D:11)
  Pikel (D:6)
  An ugly thing (D:11)
  A cyclops (D:11)
  Psyche (D:10)
  2 centaur skeletons
  A gargoyle (D:11)
  A kobold demonologist (D:11)
  3 trolls
  2 hornets (D:10)
  A wraith (D:13)
  A shadow (D:12)
  2 wyverns
  12 yaks (D:10)
  A hungry ghost (D:11)
  3 wargs (D:10)
  2 soldier ants (D:10)
  A water moccasin (D:9)
  Duvessa (D:6)
  A black bear (D:12)
  4 ice beasts
  5 orc warriors
  3 sky beasts
  2 phantoms
  4 ogres
  2 crocodiles
  A centaur (D:11)
  Blork the orc (D:8)
  5 bullfrogs
  3 gnoll sergeants (D:8)
  Dowan (D:6)
  2 scorpions
  5 wights
  3 howler monkeys (D:10)
  2 centaur zombies
  4 crimson imps
  A bullfrog zombie (D:9)
  A gnoll shaman (D:5)
  4 hounds
  3 bullfrog skeletons
  3 orc priests
  Crazy Yiuf (D:2)
  5 iguanas
  2 jellies
  11 orc wizards
  9 worker ants
  3 hound skeletons
  9 gnolls
  A howler monkey skeleton (D:10)
  10 adders
  4 shadow imps
  2 adder skeletons (D:6)
  An adder zombie (D:6)
  3 worms
  2 dart slugs
  3 leopard geckos
  46 orcs
  5 giant cockroaches
  9 goblins
  5 hobgoblins
  23 jackals
  7 kobolds
  4 quokkas
  3 ball pythons
  10 bats
  7 frilled lizards
  A giant cockroach zombie (D:5)
  A jackal zombie (D:5)
  2 quokka zombies
  8 rats
307 creatures vanquished.

Notes
Turn   | Place    | Note
-------+----------+-------------------------------------------
     0 | D:1      | KristoblXynda the Draconian Gladiator began the quest for the Orb.
     0 | D:1      | Reached XP level 1. HP: 17/17 MP: 1/1
    32 | D:1      | Reached XP level 2. HP: 23/24 MP: 2/2
   365 | D:1      | Reached XP level 3. HP: 29/29 MP: 3/3
   810 | D:2      | Found an ornate altar of the Wu Jian Council.
   824 | D:2      | Reached skill level 4 in Long Blades
   917 | D:2      | Reached XP level 4. HP: 23/36 MP: 4/4
  1084 | D:2      | Found a runed door.
  1302 | D:2      | Found an iron altar of Okawaru.
  1420 | D:2      | Found a blossoming altar of Fedhas.
  1636 | D:2      | Noticed Crazy Yiuf
  1646 | D:2      | Killed Crazy Yiuf
  1646 | D:2      | Reached XP level 5. HP: 38/41 MP: 2/5
  1916 | D:3      | Reached skill level 5 in Long Blades
  2693 | D:3      | Found a snail-covered altar of Cheibriados.
  2749 | D:4      | Found a white marble altar of Elyvilon.
  2766 | D:4      | Reached XP level 6. HP: 44/48 MP: 6/6
  2901 | D:4      | Reached skill level 6 in Long Blades
  3677 | D:4      | Your scales start taking on an icy white colour.
  3677 | D:4      | Reached XP level 7. HP: 43/55 MP: 7/7
  3677 | D:4      | Gained mutation: Your flesh is cold resistant. (rC+) [White Draconian growth]
  3915 | D:4      | Reached skill level 7 in Long Blades
  4115 | D:4      | Reached skill level 5 in Dodging
  4264 | D:5      | Entered Level 5 of the Dungeon
  4642 | D:5      | Found a glowing silver altar of Zin.
  5184 | D:5      | Reached skill level 8 in Long Blades
  5226 | D:5      | Reached XP level 8. HP: 37/61 MP: 8/8
  5636 | D:5      | Found an ancient bone altar of Kikubaaqudgha.
  5948 | D:6      | Found Pompaj's Magic Scroll Emporium.
  5951 | D:6      | Found a glowing golden altar of the Shining One.
  6100 | D:6      | Noticed Duvessa
  6100 | D:6      | Noticed Dowan
  6116 | D:6      | Killed Duvessa
  6116 | D:6      | Reached skill level 9 in Long Blades
  6127 | D:6      | Killed Dowan
  6475 | D:6      | Noticed Pikel
  6500 | D:6      | Killed Pikel
  6500 | D:6      | Reached skill level 10 in Long Blades
  6500 | D:6      | Reached XP level 9. HP: 67/67 MP: 9/9
  6722 | D:7      | Found a sacrificial altar of Ru.
  7418 | D:7      | Found a sparkling altar of Nemelex Xobeh.
  7461 | D:7      | Found a staircase to the Ecumenical Temple.
  7611 | Temple   | Entered the Ecumenical Temple
  7642 | Temple   | Became a worshipper of Gozag Ym Sagoz the Greedy
  8158 | D:8      | Found a transporter.
  8305 | D:8      | Noticed Blork the orc
  8526 | D:8      | Found a shadowy altar of Dithmenos.
  8561 | D:8      | Reached skill level 11 in Long Blades
  9173 | D:8      | Killed Blork the orc
  9432 | D:8      | Identified Sif Muna's Incunabulum of Curses
  9438 | D:8      | Found a transporter.
  9440 | D:8      | Noticed a fire dragon
  9440 | D:8      | Noticed an orc high priest
  9443 | D:8      | Noticed a deep elf mage
  9444 | D:8      | Noticed an orc knight
  9636 | D:8      | Found a bloodstained altar of Trog.
  9637 | D:8      | Found a deep blue altar of Sif Muna.
 10215 | D:9      | Found Patad's Gadget Emporium.
 10627 | D:9      | Noticed a two-headed ogre
 10658 | D:9      | Killed a two-headed ogre
 10658 | D:9      | Reached XP level 10. HP: 24/80 MP: 10/10
 10989 | D:6      | Bought a scroll of acquirement for 572 gold pieces
 10989 | D:6      | Bought a scroll of identify for 22 gold pieces
 10989 | D:6      | Bought a scroll of fear for 38 gold pieces
 11068 | D:10     | Entered Level 10 of the Dungeon
 11214 | D:10     | Noticed a two-headed ogre
 11221 | D:10     | Killed a two-headed ogre
 11221 | D:10     | Reached skill level 5 in Fighting
 11221 | D:10     | Reached skill level 12 in Long Blades
 11391 | D:10     | Found a staircase to the Orcish Mines.
 11891 | D:10     | Noticed Snorg
 11904 | D:10     | Killed Snorg
 11904 | D:10     | Reached skill level 13 in Long Blades
 11904 | D:10     | Reached XP level 11. HP: 67/91 MP: 11/11
 12370 | D:10     | Noticed Psyche
 12377 | D:10     | Killed Psyche
 12528 | Orc:1    | Entered Level 1 of the Orcish Mines
 12532 | Orc:1    | Noticed a two-headed ogre
 12547 | Orc:1    | Killed a two-headed ogre
 12853 | D:11     | Found a staircase to the Lair.
 12853 | D:11     | Noticed a death yak
 12854 | D:11     | Noticed a death yak
 12855 | D:11     | Noticed a death yak
 12855 | D:11     | Noticed a death yak
 12863 | D:11     | Noticed a death yak
 12863 | D:11     | Noticed a death yak
 12869 | D:11     | Noticed a death yak
 12876 | D:11     | Killed a death yak
 12886 | D:11     | Killed a death yak
 12890 | D:11     | Noticed a death yak
 12890 | D:11     | Killed a death yak
 12896 | D:11     | Killed a death yak
 12896 | D:11     | Reached skill level 14 in Long Blades
 12905 | D:11     | Killed a death yak
 12909 | D:11     | Noticed a sun demon
 12909 | D:11     | Killed a death yak
 12910 | D:11     | Killed a death yak
 12910 | D:11     | Reached skill level 10 in Dodging
 12920 | D:11     | Killed a death yak
 12920 | D:11     | Reached XP level 12. HP: 47/103 MP: 12/12
 13344 | D:11     | Found a portal to a secret trove of treasure.
 13500 | D:11     | Found a shimmering altar of Xom.
 13673 | D:11     | Found an opulent altar of Gozag.
 13970 | D:12     | Noticed a two-headed ogre
 13982 | D:12     | Killed a two-headed ogre
 14776 | D:13     | Found a gate to the Vaults.
 14776 | D:13     | Noticed a vault guard
 14776 | D:13     | Noticed a vault guard
 14776 | D:13     | Noticed a two-headed ogre
 14776 | D:13     | Noticed a vault guard
 14777 | D:13     | Noticed a vault guard
 14797 | D:13     | Noticed a centaur warrior
 14799 | D:13     | Noticed a centaur warrior
 14813 | D:13     | HP: 3/104 [something/shard of ice (15)]
 14814 | D:13     | Slain by a deep elf knight

Vault maps used:
D:1:      onia_arrival_handbag
D:2:      fedhas_altar_fruit_tree, lemuel_crystal_altar, old_standard_altar,
          uniq_crazy_yiuf_cottage
D:3:      marbit_many_paths, serial_forest, infiniplex_forest_zigzag_2,
          infiniplex_forest_clump_curved, infiniplex_forest_corner_2,
          infiniplex_forest_straight_3, infiniplex_forest_clump_small,
          infiniplex_forest_lined_2
D:4:      first_ration, minmay_curled_crystal, minmay_door_square, st_stairs_11,
          elyvilon_altar_5
D:5:      lemuel_crystal_altar, zin_statuary, corexii_corridor_pit
D:6:      lemuel_crystal_altar, serial_shops, shop, minmay_misc_feat_tiny,
          corexii_checkpoint_a, moated_statue, nrook_mini_vaults, uniq_pikel,
          uniq_duvessa
D:7:      kennysheep_mini, lemuel_crystal_altar, minmay_temple_entry_fiery,
          minmay_misc_feat_four_crosses
D:8:      gammafunk_sealed_arena, grunt_dithmenos_shadows, minitemple,
          sword_in_stone
D:9:      serial_shops, shop_statue
D:10:     minmay_orc_entry_guard_dogs, hangedman_pestilent_swarm, uniq_snorg,
          uniq_psyche
D:11:     dpeg_lair_monsters, basic_altar, enter_trove_3,
          nicolae_gozag_cash_rules_everything_around_me
D:13:     minmay_stepped, lightli_vaults_fourway_checkpoint
Temple:   cyrus_temple_forest
Orc:1:    nicolae_orc_accident_2, serial_shops, shop, shop

Skill      XL: |  1  2  3  4  5  6  7  8  9 10 11 12 |
---------------+-------------------------------------+-----
Throwing       | 2 |  2.0
Dodging        | 3 4 5 6 8 9 10 | 10.4
Long Blades    | 4 5 6 8 10 11 13 14 | 14.9
Fighting       | 4 6 8 9 |  9.2

Action                   |  1- 3 |  4- 6 |  7- 9 | 10-12 || total
-------------------------+-------+-------+-------+-------++-------
Melee: Long sword        |    92 |   206 |   472 |       ||   770
       Tailslap          |    13 |    25 |    78 |    79 ||   195
       Scimitar          |       |       |       |   331 ||   331
Throw: Throwing net      |       |     1 |       |       ||     1
 Abil: Breathe Frost     |       |       |    11 |     7 ||    18
Evoke: Wand              |       |       |     2 |    10 ||    12
  Use: Scroll            |       |     4 |    16 |    10 ||    30
       Potion            |       |       |     2 |     5 ||     7
 Stab: Sleeping          |     3 |     1 |     3 |       ||     7
       Distracted        |     1 |       |       |       ||     1
       Confused          |       |       |       |     6 ||     6
  Eat: Chunk             |       |     6 |     9 |       ||    15
       Ration            |       |     1 |     5 |     5 ||    11
Armor: Skin              |    46 |    51 |    80 |    60 ||   237
Dodge: Dodged            |   153 |   141 |   335 |   218 ||   847
       Rpst.: Long sword |    55 |    50 |    93 |       ||   198
       Scimitar          |       |       |       |    61 ||    61

Table legend:
 A = Spawn XP
 B = Non-spawn XP
 C = Spawn XP percentage of total XP
 D = Spawn monster count
 E = Non-spawn monster count
 F = Spawn count percentage of total count
 G = Total turns spent on level
                    A         B        C        D         E        F      G
               +---------+---------+-------+---------+---------+-------+---------
         Total |       0 |   27065 |   0.0 |       0 |     307 |   0.0 | 14814
               +---------+---------+-------+---------+---------+-------+---------
           D:1 |       0 |      47 |   0.0 |       0 |      29 |   0.0 |   759
           D:2 |       0 |     161 |   0.0 |       0 |      30 |   0.0 |   912
           D:3 |       0 |     132 |   0.0 |       0 |      26 |   0.0 |  1163
           D:4 |       0 |     689 |   0.0 |       0 |      30 |   0.0 |  1430
           D:5 |       0 |     618 |   0.0 |       0 |      28 |   0.0 |  1678
           D:6 |       0 |    1463 |   0.0 |       0 |      18 |   0.0 |   819
           D:7 |       0 |     577 |   0.0 |       0 |      15 |   0.0 |  1741
           D:8 |       0 |    1129 |   0.0 |       0 |      20 |   0.0 |  1582
           D:9 |       0 |    1417 |   0.0 |       0 |      16 |   0.0 |   887
          D:10 |       0 |    7861 |   0.0 |       0 |      41 |   0.0 |  1476
          D:11 |       0 |    9196 |   0.0 |       0 |      34 |   0.0 |  1068
          D:12 |       0 |    1794 |   0.0 |       0 |      10 |   0.0 |   515
          D:13 |       0 |     932 |   0.0 |       0 |       6 |   0.0 |   447
         Orc:1 |       0 |    1049 |   0.0 |       0 |       4 |   0.0 |   240
               +---------+---------+-------+---------+---------+-------+---------
